 Dungeon Crawl Stone Soup version 0.21-a0-529-g8c7b3f5 (webtiles) character file.

72 Gerstahl the Skirmisher (level 4, 0/36 HPs)
             Began as a Demonspawn Monk on Dec 9, 2017.
             Succumbed to a killer bee's poison
             ... on level 2 of the Dungeon.
             The game lasted 00:02:11 (1686 turns).

Gerstahl the Skirmisher (Demonspawn Monk)           Turns: 1686, Time: 00:02:12

Health: 0/36       AC:  3    Str: 12    XL:     4   Next: 6%
Magic:  4/4        EV: 13    Int: 11    God:
Gold:   73         SH:  0    Dex: 16    Spells: 3/3 levels left

rFire    . . .     SeeInvis .   a - +0 falchion
rCold    . . .     Gourm    .   (no shield)
rNeg     . . .     Faith    .   k - +0 leather armour
rPois    .         Spirit   .   (no helmet)
rElec    .         Reflect  .   i - scarf {repulsion}
rCorr    .         Harm     .   (no gloves)
MR       .....                  (no boots)
Stlth    ++........             (no amulet)
HPRegen  0.12/turn              (no ring)
MPRegen  0.09/turn              (no ring)

@: lethally poisoned (0 -> -18), repel missiles
A: claws 2
a: no special abilities


You were on level 2 of the Dungeon.
You were hungry.

You visited 1 branch of the dungeon, and saw 2 of its levels.

You collected 73 gold pieces.

Inventory:

Hand Weapons
 a - a +0 falchion (weapon)
Armour
 b - a +0 robe
 i - a scarf of repulsion (worn)
 j - a +0 cloak
 k - a +0 leather armour (worn)
Scrolls
 d - a scroll of identify {unknown}
 f - 2 scrolls of fear {unknown}
 g - a scroll of enchant weapon {unknown}
 m - a scroll of immolation {unknown}
Potions
 o - a potion of might {unknown}
Comestibles
 c - a bread ration
 n - 2 meat rations


   Skills:
 + Level 3.6 Fighting
 + Level 3.3 Long Blades
 + Level 0.8 Armour
 + Level 3.3 Dodging
 - Level 1.7 Stealth


You had 3 spell levels left.
You didn't know any spells.

Dungeon Overview and Level Annotations

Branches:
Dungeon (2/15)

Altars:
Trog


Innate Abilities, Weirdness & Mutations

You have very sharp fingernails.


Message History

The killer bee stings you but does no damage.
The killer bee stings you!
* * * LOW HITPOINT WARNING * * *
You are more poisoned.
The killer bee poisons you!
You feel much better.
You feel sick. The killer bee stings you. The killer bee barely misses you.
As you read the scroll labeled MUEBBO HA UDU, it crumbles to dust.
You feel aware of your surroundings.
It was a scroll of magic mapping.
You feel sick. The killer bee barely misses you.
You riposte.
You hit the killer bee.
The killer bee is moderately wounded.
The killer bee completely misses you. The killer bee stings you.
* * * LOW HITPOINT WARNING * * *
You are more poisoned.
The killer bee poisons you! The killer bee stings you!
* * * LOW HITPOINT WARNING * * *
As you read the scroll labeled VEKLEON AWOSEL, it crumbles to dust.
You feel blessed for a moment.
It was a scroll of remove curse.
You die...

....,,**#.......##....,,,,,,,,,,*
....,,..#............,*****,,,,,*
......[.........[.#,,,** *******
................#,**,,,*
.#*#.###....##.##,,*,,,* **
#.####...##.#**,.#,,** #..#
#......####.#..,* ##
#..#####...yyy##.#.#,*
.###...####...##@...#.#,*
..........#..#####....#,*
.##............###.#..#,#
.###...............#..#.#
..........##....#..##.#.##
#.........##....#..)))...#
..................##..#..#
####..........#...###.#..#
#.......#......####.#..#


You could see 3 killer bees.

Vanquished Creatures
  3 adders (D:2)
  An ooze (D:2)
  A worm (D:2)
  A dart slug (D:1)
  A leopard gecko (D:1)
  4 bats
  A giant cockroach (D:2)
  5 hobgoblins
  9 kobolds
  4 frilled lizards
  2 goblins (D:2)
  3 rats
35 creatures vanquished.

Notes
Turn   | Place    | Note
-------+----------+-------------------------------------------
     0 | D:1      | Gerstahl the Demonspawn Monk began the quest for the Orb.
     0 | D:1      | Reached XP level 1. HP: 18/18 MP: 1/1
   574 | D:1      | Gained mutation: You have sharp fingernails. [demonic ancestry]
   574 | D:1      | Reached XP level 2. HP: 24/24 MP: 2/2
  1036 | D:2      | Gained mutation: You have very sharp fingernails. [demonic ancestry]
  1036 | D:2      | Reached XP level 3. HP: 27/29 MP: 3/3
  1540 | D:2      | Found a bloodstained altar of Trog.
  1641 | D:2      | Reached XP level 4. HP: 36/36 MP: 4/4
  1685 | D:2      | HP: 1/36 [killer bee (7)]
  1686 | D:2      | Succumbed to a killer bee's poison

Vault maps used:
D:1:      roderic_dead_forest, nrook_mini_backslash, nrook_uturn
D:2:      corexii_corridor_pit, trog_book

Skill      XL: |  1  2 |
---------------+-------+-----
Dodging        | 3 |  3.3
Long Blades    | 3 |  3.3
Fighting       | |  3.6
Armour         | |  0.8
Stealth        | |  1.7

Action                   |  1- 3 |  4- 6 || total
-------------------------+-------+-------++-------
Melee: Falchion          |    90 |    14 ||   104
  Use: Potion            |     3 |     1 ||     4
       Scroll            |       |     2 ||     2
 Stab: Sleeping          |     8 |       ||     8
  Eat: Chunk             |     2 |       ||     2
Armor: Robe              |    11 |       ||    11
       Skin              |    17 |       ||    17
       Leather armour    |     2 |     2 ||     4
Dodge: Dodged            |    52 |    25 ||    77
       Rpst.: Falchion   |    18 |     9 ||    27

Table legend:
 A = Spawn XP
 B = Non-spawn XP
 C = Spawn XP percentage of total XP
 D = Spawn monster count
 E = Non-spawn monster count
 F = Spawn count percentage of total count
 G = Total turns spent on level
                    A         B        C        D         E        F      G
               +---------+---------+-------+---------+---------+-------+---------
         Total |       0 |     103 |   0.0 |       0 |      35 |   0.0 |  1686
               +---------+---------+-------+---------+---------+-------+---------
           D:1 |       0 |      32 |   0.0 |       0 |      18 |   0.0 |  1033
           D:2 |       0 |      71 |   0.0 |       0 |      17 |   0.0 |   653
               +---------+---------+-------+---------+---------+-------+---------
